AoeStats
← hugo-etienne

Migration

509731630Analyzed
1v1 RM · 5d ago on Sep 27, 2026· 82m 34s· 2 players
Game mode
Random Map
Map size
132×132
Population
200
Speed
Normal
Resources
Standard
Victory
Conquest
Starting age
Dark Age
Ending age
Imperial Age
RankedLock teamsTeams togetherTeam positionsShared explorationLock speedFull tech treeHidden civsTurbo modeCheats
Victory
Defeat
🇫🇷 Koreans · France
510
+20
🇦🇷 Goths · Argentina
529
-17
hugo-etienne
2:31 Loom
15:17 Feudal Age
16:22 Double-Bit Axe
16:25 Horse Collar
17:39 Wheelbarrow
16:50 Town Watch
19:17 Gold Mining
19:18 Stone Mining
19:50 Arson
24:39 Castle Age
24:07 Fishing Lines
24:55 Scale Barding Armor
24:51 Scale Mail Armor
25:01 Forging
24:43 Fletching
25:26 Town Patrol
25:41 Bow Saw
26:40 Chain Barding Armor
26:35 Chain Mail Armor
26:20 Gillnets
26:57 Medium Warships
27:22 Hand Cart
27:11 Heavy Plow
27:50 Gold Shaft Mining
27:54 Stone Shaft Mining
30:32 Husbandry
29:56 Light Cavalry
37:10 Imperial Age
36:24 Eupseong
38:49 Elite Turtle Ship
39:56 Heavy Warships
45:19 Elite War Wagon
49:03 Elite Fire Lancer
58:24 Shinkichon
58:28 Conscription
58:28 Squires
58:06 Hussar
68:09 Plate Mail Armor
68:15 Iron Casting
67:36 Bodkin Arrow
77:58 Chemistry
77:18 Ballistics
76:49 Heated Shot
76:40 Treadmill Crane
77:11 Masonry
81:11 Siege Engineers
81:13 Siphons
81:32 Shipwright
81:25 Clinker Construction
81:28 Careening
81:53 Architecture
Karld51
11:15 Feudal Age
18:28 Man-at-Arms
19:06 Fishing Lines
22:35 Castle Age
23:29 Gillnets
23:58 Long Swordsman
27:48 Gold Mining
29:36 Anarchy
38:22 Imperial Age
43:22 Elite Huskarl
47:05 Demolition Ship
47:57 Medium Warships
50:57 Perfusion
52:37 Forging
62:15 Iron Casting
61:42 Scale Mail Armor
75:37 Heavy Warships
80:29 Chemistry
79:50 Ballistics
79:36 Siphons
79:53 Shipwright
79:44 Clinker Construction
79:45 Careening
Connection lost

Rejoining the realm…

Still unreachable

The connection could not be restored.

Session expired

The server has moved on; the page needs a fresh start.